 Dungeon Sprint DCSS version 0.21-a0-52-gbf49515 (webtiles) character file.

97 Kidiri the Ruffian (level 4, -2/49 HPs)
             Began as a Troll Monk on June 13, 2017.
             Was a Believer of Wu Jian.
             Slain by a cyan ugly thing (16 damage)
             ... in the Dungeon (Sprint V: "Ziggurat Sprint").
             The game lasted 00:02:02 (122 turns).

Kidiri the Ruffian (Troll Monk)                      Turns: 122, Time: 00:02:03

Health: -2/49      AC:  5    Str: 25    XL:     4   Next: 42%
Magic:  3/3        EV: 13    Int:  6    God:    Wu Jian [**....]
Gold:   0          SH:  0    Dex: 19    Spells: 3/3 levels left

rFire    . . .     SeeInvis .     - Unarmed
rCold    . . .     Gourm    +   (no shield)
rNeg     . . .     Faith    .   a - +0 robe
rPois    .         Spirit   .   (helmet restricted)
rElec    .         Reflect  .   (no cloak)
rCorr    .         Harm     .   (gloves unavailable)
MR       .....     NoTele   +   (boots unavailable)
Stlth    ++........             (no amulet)
Regen    0.6/turn               x - +6 ring of dexterity
MPRegen  0.1/turn               B - +6 ring of strength

@: no status effects
A: unfitting armour, claws 3, fast metabolism 3, gourmand, regeneration 1,
shaggy fur 1, tough skin 2
a: Renounce Religion


You were in the Dungeon.
You worshipped Wu Jian.
Wu Jian was pleased with you.
You were not hungry.

You visited 1 branch

Inventory:

Armour
 a - a +0 robe (worn)
 H - +5 gold dragon scales
 I - the +18 shield of the Gong {rElec rN+ MR+ EV-5}
   (You found it in the Dungeon)

   It affects your evasion (-5).
   It insulates you from electricity.
   It protects you from negative energy.
   It affects your resistance to hostile enchantments.
Jewellery
 x - a +6 ring of dexterity (left claw)
 y - a +6 ring of dexterity
 B - a +6 ring of strength (right claw)
 C - a +6 ring of strength
Wands
 D - a wand of disintegration (7/24)
 E - a wand of iceblast (5/15)
 F - a wand of lightning (5/15)
 G - a wand of acid (5/15)
Scrolls
 h - 4 scrolls of blinking
 o - 4 scrolls of amnesia
 p - 3 scrolls of recharging
 q - 7 scrolls of fog
 r - a scroll of holy word
 s - 5 scrolls of identify
 t - 5 scrolls of remove curse
 u - 2 scrolls of fear
Potions
 c - 10 potions of curing
 d - 6 potions of heal wounds
 e - 6 potions of haste
 f - 7 potions of magic
 g - 3 potions of berserk rage
 i - 2 potions of brilliance
 j - 2 potions of invisibility
 k - 4 potions of resistance
 m - 5 potions of agility
 n - 5 potions of might
Comestibles
 b - 6 bread rations
 v - 42 fruits
 w - 4 meat rations


   Skills:
 * Level 4.9 Fighting
 + Level 2.6 Armour
 * Level 4.8 Dodging
 - Level 1.0 Stealth
 + Level 2.6 Shields
 * Level 6.0 Unarmed Combat


You had 3 spell levels left.
You didn't know any spells.

Dungeon Overview and Level Annotations

Branches:
Dungeon (1/1)

Altars:
Ashenzari
Cheibriados
Dithmenos
Elyvilon
Fedhas
Gozag
Hepliaklqana
Kikubaaqudgha
Makhleb
Nemelex Xobeh
Okawaru
Qazlal
Ru
Sif Muna
Trog
Uskayaw
Vehumet
Wu Jian
Xom
Yredelemnul
Zin
The Shining One
Beogh
Jiyva
Lugonu

Annotations:
D 1 transporter


Innate Abilities, Weirdness & Mutations

You are too large for most types of armour.
You have claws for hands.
Your metabolism is lightning-fast.
You like to eat raw meat.
Your natural rate of healing is unusually fast.
You are covered in fur. (AC +1)
You have very tough skin. (AC +2)


Message History

The brown ugly thing tentacle-slaps you but does no damage.
Okay, then.
Unknown command.
Unknown command.
You feel much better. The cyan ugly thing pecks you!
The cyan ugly thing shocks you!
The brown ugly thing closely misses you.
The ogre barely misses you.
Unknown command.
You feel much better. The cyan ugly thing pecks you!
The cyan ugly thing shocks you!
The brown ugly thing tentacle-slaps you!
* * * LOW HITPOINT WARNING * * *
You are splashed with acid!
The acid burns!
* * * LOW HITPOINT WARNING * * *
The ogre hits you but does no damage.
You feel much better. The cyan ugly thing pecks you!
* * * LOW HITPOINT WARNING * * *
The cyan ugly thing shocks you!
You die...

▓▓▓▓▓▓▓▓▓▓▓▓▓
▓.8©8.▓.8©8.▓
▓.)}).▓.....▓
▓.....▓.).|.▓
▓@u...▓.....▓
▓uO...▓.....▓
▓.....▓.....▓
▓.....▓▓▓▓▓▓▓
▓▓▓▓▓▓▓


You could see 2 ugly things and an ogre shaped shifter.

Vanquished Creatures
  A phantom (D)
  A bat zombie (D)
2 creatures vanquished.

Notes
Turn   | Place    | Note
-------+----------+-------------------------------------------
     0 | D        | Kidiri the Troll Monk began the quest for the Orb.
     0 | D        | Reached XP level 1. HP: 22/22 MP: 0/0
     0 | D        | Found a deep blue altar of Sif Muna.
     0 | D        | Found a sacrificial altar of Ru.
     0 | D        | Found a bloodstained altar of Trog.
     0 | D        | Found a stormy altar of Qazlal.
     0 | D        | Found an iron altar of Okawaru.
     0 | D        | Found a sparkling altar of Nemelex Xobeh.
     0 | D        | Found a blossoming altar of Fedhas.
     2 | D        | Found a transporter.
     2 | D        | Found an ancient bone altar of Kikubaaqudgha.
     2 | D        | Found a viscous altar of Jiyva.
     2 | D        | Found a corrupted altar of Lugonu.
     2 | D        | Found a hazy altar of Hepliaklqana.
     2 | D        | Found a burning altar of Makhleb.
     2 | D        | Found an opulent altar of Gozag.
    70 | D        | Became a worshipper of the Wu Jian Council
    70 | D        | Reached * piety under Wu Jian
    70 | D        | Reached ** piety under Wu Jian
    71 | D        | Reached skill level 1 in Armour
    71 | D        | Reached skill level 1 in Shields
    71 | D        | Reached skill level 4 in Unarmed Combat
    71 | D        | Reached XP level 2. HP: 32/32 MP: 1/1
    86 | D        | Entered arena 2.
    86 | D        | Noticed a phantom
    86 | D        | Found a transporter.
    98 | D        | Killed a phantom
    98 | D        | Reached skill level 6 in Unarmed Combat
    98 | D        | Reached XP level 3. HP: 34/41 MP: 2/2
    98 | D        | Reached XP level 4. HP: 40/49 MP: 3/3
   113 | D        | Entered arena 3.
   113 | D        | Noticed a brown ugly thing
   113 | D        | Noticed a cyan ugly thing
   113 | D        | Noticed a wyvern
   113 | D        | Found a transporter.
   118 | D        | Noticed an ogre
   118 | D        | a wyvern changed into an ogre
   118 | D        | HP: 1/49 [acid (7)]
   122 | D        | Slain by a cyan ugly thing

Vault maps used:
D:        sprint_v

Skill      XL: |  1  2 |
---------------+-------+-----
Fighting       | 3 4 |  4.9
Armour         | 1 2 |  2.6
Dodging        | 3 4 |  4.8
Shields        | 1 2 |  2.6
Unarmed Combat | 4 6 |  6.0
Stealth        | |  1.0

Action                   |  1- 3 |  4- 6 || total
-------------------------+-------+-------++-------
Melee: Unarmed           |    11 |     4 ||    15
       Punch             |       |     1 ||     1
  Use: Potion            |     1 |     4 ||     5
Armor: Robe              |     3 |     2 ||     5
Dodge: Dodged            |    10 |     3 ||    13
